 Dungeon Sprint DCSS version 0.19-a0-473-g3ac10ee (webtiles) character file.

38724 Moox the Skullcrusher (level 13, -2/136 HPs)
             Began as a Minotaur Berserker on June 4, 2016.
             Was the Champion of Trog.
             Slain by a juggernaut (20 damage)
             ... in the Dungeon (Sprint IX: "|||||||||||||||||||||||||||||").
             The game lasted 00:08:04 (5097 turns).

Moox the Skullcrusher (Minotaur Berserker)          Turns: 5097, Time: 00:08:05

Health: -2/136     AC: 24    Str: 27    XL:     13   Next: 65%
Magic:  21/21      EV: 14    Int:  4    God:    Trog [******]
Gold:   1343       SH:  0    Dex: 10    Spells: 0 memorised, 12 levels left

rFire  . . .     SeeInvis .     v - +6 great mace (crush)
rCold  + . .     Gourm    .     H - +2 plate armour
rNeg   . . .     Faith    .     (shield currently unavailable)
rPois  .         Spirit   .     (helmet restricted)
rElec  .         Dismiss  .     o - +0 cloak
rCorr  .         Reflect  .     n - +0 pair of gloves
SustAt .         Harm     .     y - +0 pair of boots
MR     ++...     NoTele   +     (no amulet)
Stlth  ..........               C - ring of protection from cold
                                q - +2 ring of evasion

@: regenerating, very resistant to hostile enchantments, extremely unstealthy
A: retaliatory headbutt, horns 2
a: Berserk, Trog's Hand, Brothers in Arms, Burn Spellbooks, Renounce Religion


You were in the Dungeon.
You worshipped Trog.
Trog was exalted by your worship.
You were hungry.

You visited 1 branch You collected 1913 gold pieces.
You spent 570 gold pieces at shops.

Inventory:

Hand Weapons
 m - a +4 triple crossbow of velocity
 v - a +6 great mace of crushing (weapon)
Armour
 n - a +0 pair of gloves (worn)
 o - a +0 cloak (worn)
 p - a +1 chain mail
 y - a +0 pair of boots (worn)
 F - a +1 large shield
 G - a +1 large shield
 H - a +2 plate armour (worn)
Jewellery
 q - a +2 ring of evasion (left hand)
 r - a +3 ring of strength
 B - an uncursed ring of fire
 C - a ring of protection from cold (right hand)
 D - an uncursed ring of ice
 E - an uncursed ring of fire
Wands
 l - a wand of acid (7/15)
Scrolls
 i - 2 scrolls of blinking
 k - 4 scrolls of remove curse
 s - 4 scrolls of enchant weapon
 t - 5 scrolls of enchant armour
 u - 2 scrolls of fog
 x - a scroll of acquirement
 K - a scroll of fear
 L - a scroll of identify
Potions
 a - 3 potions of brilliance
 d - 5 potions of curing
 e - 6 potions of heal wounds
 f - a potion of haste
 g - 5 potions of magic
 h - 2 potions of berserk rage
 j - a potion of invisibility
 I - a potion of might
 J - a potion of agility
Miscellaneous
 b - a lamp of fire
Comestibles
 c - 10 bread rations
 z - 12 meat rations
 A - 40 fruits


   Skills:
 + Level 18.4 Fighting
 O Level 27 Maces & Flails
 * Level 4.8 Crossbows
 + Level 16.1 Armour
 + Level 10.1 Dodging
 * Level 13.2 Evocations


You had 12 spell levels left.
You didn't know any spells.

Dungeon Overview and Level Annotations

Branches:
Dungeon (1/1)

Altars:
Cheibriados
Dithmenos
Elyvilon
Fedhas
Gozag
Hepliaklqana
Kikubaaqudgha
Makhleb
Nemelex Xobeh
Okawaru
Pakellas
Qazlal
Ru
Sif Muna
Trog
Uskayaw
Vehumet
Xom
Yredelemnul
Zin
The Shining One
Beogh
Jiyva
Lugonu

Shops:
D }?}:


Innate Abilities, Weirdness & Mutations

You reflexively headbutt those who attack you in melee.
You have a pair of horns on your head.


Message History

Something appears at your feet! Trog grants you a gift!
Your Crossbows skill increases to level 4!
Your lamp of fire has recharged.
Unknown command.
You bludgeon the juggernaut!! Your headbutt misses the juggernaut.
The juggernaut is almost dead.
The battlesphere is engulfed in roaring flames.
The tengu reaver is engulfed in roaring flames.
The fire dragon is engulfed in roaring flames.
Unknown command.
Unknown command.
You completely miss the juggernaut. Your headbutt misses the juggernaut.
The juggernaut is almost dead.
The battlesphere is engulfed in roaring flames.
The juggernaut is engulfed in roaring flames.
The juggernaut hits you!
* * * LOW HITPOINT WARNING * * *
The juggernaut hits you!!
You die...

.▓.▓.▓.▓.▓.▓(▓.▓
.▓.▓.▓.▓[▓.▓.▓.▓*▓
÷▓.▓.▓.▓.▓.▓.▓.▓Q▓
.▓.▓)▓.▓)▓.▓.▓.▓i▓
÷▓.▓)▓.▓)▓.▓.▓.▓§▓
†▓.▓)▓.▓)▓.▓.▓.▓§▓
.▓.▓)▓.▓)▓.▓.▓.▓D▓
.▓.▓)▓.▓)▓.▓.▓.▓C▓
.▓.▓)▓.▓)▓.▓.▓.▓@▓
.▓.▓)▓.▓)▓.▓)▓.▓.▓
)▓.▓)▓.▓)▓.▓'▓.▓.▓
=▓.▓)▓.▓.▓.▓.▓.▓.▓
.▓.▓)▓.▓.▓.▓.▓.▓.▓
.▓.▓.▓.▓.▓.▓.▓(▓.▓
.▓.▓.▓.▓.▓.▓.▓.▓(▓
.▓.▓.▓.▓.▓.▓.▓(▓.▓
.▓.▓.▓.▓'▓.▓.▓.▓.▓


You could see a juggernaut, a fire dragon, a tengu reaver, a spriggan air mage
and a battlesphere.

Vanquished Creatures
  A lich (D)
  A ghost moth (D)
  2 very ugly things (D)
  2 stone giants (D)
  A merfolk impaler (D)
  Harold (D)
  A great orb of eyes (D)
  A catoblepas (D)
  A ghost crab (D)
  A deep troll earth mage (D)
  A naga sharpshooter (D)
  6 death yaks (D)
  4 orc high priests (D)
  A swamp dragon (D)
  4 sea snakes (D)
  2 spriggan druids (D)
  2 hill giants (D)
  A mana viper (D)
  2 ugly things (D)
  A hornet (D)
  5 orc knights (D)
  2 wolf spiders (D)
  A salamander (D)
  A manticore (D)
  2 black mambas (D)
  A guardian serpent (D)
  A water nymph (D)
  2 naga magi (D)
  A spiny frog (D)
  2 yaktaurs (D)
  A rime drake (D)
  A komodo dragon (D)
  A demonic crawler (D)
  2 merfolk (D)
  2 trolls (D)
  2 jumping spiders (D)
  2 blink frogs (D)
  A bog body (D)
  A redback (D)
  A raiju (shapeshifter) (D)
  3 tarantellas (D)
  Grum (D)
  A hippogriff (D)
  3 yaks (D)
  Eustachio (D)
  A hungry ghost (D)
  A vampire mosquito (D)
  A mottled dragon (D)
  A naga (D)
  6 water moccasins (D)
  A giant eyeball (shapeshifter) (D)
  A porcupine (D)
  17 orc warriors (D)
  2 swamp drakes (D)
  An ogre (shapeshifter) (D)
  An eye of draining (D)
  4 wolves (D)
  3 crocodiles (D)
  A centaur (D)
  A crimson imp (D)
  A hound (D)
  An orc priest (D)
  A worker ant (D)
  An iguana (D)
  An orc wizard (D)
  2 river rats (D)
  An adder (D)
  7 orcs (D)
  A ball python (D)
  2 goblins (D)
  A hobgoblin (D)
  A quokka (D)
  A ball python zombie (D)
  A giant cockroach zombie (D)
  2 kobolds (D)
143 creatures vanquished.

Vanquished Creatures (collateral kills)
  5 orc high priests (D)
5 creatures vanquished.

Grand Total: 148 creatures vanquished

Notes
Turn   | Place    | Note
--------------------------------------------------------------
     0 | D        | Moox the Minotaur Berserker began the quest for the Orb.
     0 | D        | Reached XP level 1. HP: 19/19 MP: 0/0
     6 | D        | Reached skill level 4 in Maces & Flails
     9 | D        | Reached ** piety under Trog
    15 | D        | Reached skill level 5 in Maces & Flails
    16 | D        | HP: 1/20 [kobold/short sword (3)]
   337 | D        | Noticed a hound
   337 | D        | Noticed a worker ant
   339 | D        | Reached *** piety under Trog
   342 | D        | Reached XP level 2. HP: 27/27 MP: 1/1
   345 | D        | Reached skill level 5 in Fighting
   345 | D        | Reached skill level 7 in Maces & Flails
   345 | D        | Reached XP level 3. HP: 36/36 MP: 2/2
   353 | D        | Reached skill level 8 in Maces & Flails
   615 | D        | Found a glowing silver altar of Zin.
   615 | D        | Found a glowing golden altar of the Shining One.
   615 | D        | Found an ancient bone altar of Kikubaaqudgha.
   615 | D        | Found a basalt altar of Yredelemnul.
   615 | D        | Found a shimmering altar of Xom.
   615 | D        | Found a radiant altar of Vehumet.
   616 | D        | Found an iron altar of Okawaru.
   617 | D        | Found a burning altar of Makhleb.
   618 | D        | Found a deep blue altar of Sif Muna.
   619 | D        | Found a bloodstained altar of Trog.
   620 | D        | Found a sparkling altar of Nemelex Xobeh.
   621 | D        | Found a white marble altar of Elyvilon.
   622 | D        | Found a roughly hewn altar of Beogh.
   623 | D        | Found a viscous altar of Jiyva.
   624 | D        | Found a corrupted altar of Lugonu.
   625 | D        | Found a blossoming altar of Fedhas.
   626 | D        | Found a snail-covered altar of Cheibriados.
   627 | D        | Found a shadowy altar of Dithmenos.
   628 | D        | Found a stormy altar of Qazlal.
   629 | D        | Found an opulent altar of Gozag.
   630 | D        | Found a sacrificial altar of Ru.
   631 | D        | Found an oddly glowing altar of Pakellas.
   632 | D        | Found a hide-covered altar of Uskayaw.
   633 | D        | Found a hazy altar of Hepliaklqana.
   686 | D        | Noticed a troll
   686 | D        | Noticed a hill giant
   686 | D        | Noticed an eye of draining
   686 | D        | Noticed a hungry ghost
   692 | D        | Killed a hungry ghost
   692 | D        | Reached skill level 10 in Maces & Flails
   692 | D        | Reached XP level 4. HP: 47/47 MP: 2/4
   692 | D        | Reached XP level 5. HP: 52/52 MP: 2/5
   697 | D        | Reached **** piety under Trog
   699 | D        | Killed an eye of draining
   699 | D        | Reached skill level 11 in Maces & Flails
   699 | D        | Reached XP level 6. HP: 61/61 MP: 2/7
   703 | D        | Killed a hill giant
   703 | D        | Reached skill level 10 in Fighting
   703 | D        | Reached skill level 14 in Maces & Flails
   703 | D        | Reached skill level 5 in Armour
   703 | D        | Reached skill level 5 in Dodging
   703 | D        | Reached XP level 7. HP: 72/72 MP: 2/9
   712 | D        | Killed a troll
   712 | D        | Reached skill level 5 in Evocations
   788 | D        | Noticed a yak
   788 | D        | Noticed a hill giant
   793 | D        | Killed a hill giant
   793 | D        | Reached skill level 15 in Maces & Flails
   793 | D        | Reached XP level 8. HP: 82/82 MP: 9/11
   798 | D        | Reached ***** piety under Trog
   800 | D        | Reached skill level 16 in Maces & Flails
  1056 | D        | Noticed a blink frog
  1056 | D        | Noticed a blink frog
  1060 | D        | Noticed a rime drake
  1061 | D        | Killed a blink frog
  1061 | D        | Reached XP level 9. HP: 90/90 MP: 12/12
  1068 | D        | Received a gift from Trog
  1075 | D        | Reached skill level 17 in Maces & Flails
  1077 | D        | Killed a rime drake
  1082 | D        | Received a gift from Trog
  1190 | D        | Noticed a komodo dragon
  1190 | D        | Noticed a death yak
  1196 | D        | Killed a death yak
  1196 | D        | Reached skill level 18 in Maces & Flails
  1201 | D        | Killed a komodo dragon
  1201 | D        | Reached ****** piety under Trog
  1201 | D        | Reached XP level 10. HP: 59/101 MP: 14/14
  1202 | D        | Received a gift from Trog
  1496 | D        | Noticed a death yak
  1496 | D        | Noticed a death yak
  1496 | D        | Noticed a death yak
  1496 | D        | Noticed a death yak
  1498 | D        | Noticed a catoblepas
  1499 | D        | Killed a death yak
  1499 | D        | Reached skill level 19 in Maces & Flails
  1501 | D        | Noticed a death yak
  1505 | D        | Killed a death yak
  1505 | D        | Reached skill level 10 in Armour
  1509 | D        | Killed a death yak
  1509 | D        | Received a gift from Trog
  1514 | D        | Killed a death yak
  1514 | D        | Reached skill level 20 in Maces & Flails
  1519 | D        | Killed a catoblepas
  1530 | D        | Killed a death yak
  1530 | D        | Reached XP level 11. HP: 40/110 MP: 16/16
  1907 | D        | Received a gift from Trog
  1920 | D        | Reached skill level 21 in Maces & Flails
  1922 | D        | Received a gift from Trog
  1993 | D        | Received a gift from Trog
  1996 | D        | Noticed an orc knight
  2010 | D        | Killed an orc knight
  2017 | D        | Received a gift from Trog
  2375 | D        | Found Xoatim's Book Boutique.
  2375 | D        | Noticed an orc high priest
  2375 | D        | Noticed an orc knight
  2375 | D        | Noticed an orc high priest
  2375 | D        | Noticed an orc knight
  2375 | D        | Noticed an orc high priest
  2377 | D        | Noticed an orc high priest
  2379 | D        | Killed an orc high priest
  2380 | D        | Found Ilexesus's Gadget Shop.
  2383 | D        | Killed an orc knight
  2383 | D        | Reached skill level 22 in Maces & Flails
  2384 | D        | Noticed an orc high priest
  2389 | D        | Killed an orc high priest
  2389 | D        | Reached skill level 10 in Evocations
  2390 | D        | Found Beast's Magic Scroll Boutique.
  2394 | D        | Killed an orc knight
  2400 | D        | Killed an orc high priest
  2400 | D        | Received a gift from Trog
  2402 | D        | Killed an orc high priest
  2402 | D        | Reached skill level 15 in Fighting
  2405 | D        | Killed an orc high priest
  2408 | D        | Noticed an orc high priest
  2409 | D        | Noticed an orc high priest
  2410 | D        | Noticed a soul eater
  2430 | D        | Killed an orc high priest
  2442 | D        | Killed an orc high priest
  2833 | D        | Found Yxaph's Gadget Shop.
  2837 | D        | Noticed an orc knight
  2838 | D        | Noticed an orc high priest
  2839 | D        | Noticed an orc high priest
  2840 | D        | Noticed an orc knight
  2851 | D        | Killed an orc knight
  2857 | D        | Killed an orc high priest
  2857 | D        | Reached skill level 23 in Maces & Flails
  2860 | D        | Killed an orc high priest
  2860 | D        | Reached XP level 12. HP: 103/121 MP: 18/18
  2870 | D        | Received a gift from Trog
  2900 | D        | Bought a scroll of enchant armour for 90 gold pieces
  2908 | D        | Bought a lamp of fire for 480 gold pieces
  3281 | D        | Noticed Eustachio
  3286 | D        | Killed Eustachio
  3425 | D        | Noticed a lich
  3428 | D        | Noticed a stone giant
  3436 | D        | Noticed an Ice Fiend
  3436 | D        | Received a gift from Trog
  3443 | D        | Killed a lich
  3443 | D        | Reached skill level 24 in Maces & Flails
  3445 | D        | Noticed a purple very ugly thing
  3447 | D        | Killed a stone giant
  3456 | D        | Received a gift from Trog
  3463 | D        | Killed a green very ugly thing
  3473 | D        | HP: 6/122 [poisoned by a green very ugly thing]
  3953 | D        | Killed a ghost moth
  3954 | D        | Received a gift from Trog
  3960 | D        | Reached skill level 25 in Maces & Flails
  4169 | D        | Received a gift from Trog
  4181 | D        | Received a gift from Trog
  4189 | D        | Reached skill level 15 in Armour
  4189 | D        | Reached XP level 13. HP: 64/130 MP: 9/21
  4440 | D        | Received a gift from Trog
  4448 | D        | Reached skill level 26 in Maces & Flails
  4452 | D        | Received a gift from Trog
  4688 | D        | Noticed a merfolk impaler
  4689 | D        | Received a gift from Trog
  4707 | D        | Killed a merfolk impaler
  4707 | D        | Reached skill level 10 in Dodging
  4709 | D        | Received a gift from Trog
  4972 | D        | Noticed Grum
  4978 | D        | Killed Grum
  5029 | D        | Noticed Harold
  5038 | D        | Killed Harold
  5038 | D        | Received a gift from Trog
  5038 | D        | Reached skill level 27 in Maces & Flails
  5064 | D        | Reached skill level 1 in Crossbows
  5078 | D        | Noticed a fire dragon
  5078 | D        | Noticed a stone giant
  5078 | D        | Noticed a purple very ugly thing
  5079 | D        | Noticed a juggernaut
  5082 | D        | Killed a purple very ugly thing
  5085 | D        | Noticed a tengu reaver
  5095 | D        | Killed a stone giant
  5095 | D        | Received a gift from Trog
  5097 | D        | Slain by a juggernaut

Vault maps used:
D:        linesprint

Skill      XL: |  1  2  3  4  5  6  7  8  9 10 11 12 13 |
---------------+----------------------------------------+-----
Maces & Flails | 5 7 10 11 14 15 16 18 20 23 25 27 | 27.0
Fighting       | 4 5 7 8 10 11 13 14 15 16 18 | 18.4
Armour         | 4 5 6 7 9 11 12 15 16 | 16.1
Dodging        | 4 5 6 7 8 9 10 | 10.1
Evocations     | 2 3 4 5 6 7 9 10 12 13 | 13.2
Crossbows      | 4 |  4.8

Action                   |  1- 3 |  4- 6 |  7- 9 | 10-12 | 13-15 || total
-------------------------+-------+-------+-------+-------+-------++-------
Melee: Mace              |    25 |       |       |       |       ||    25
       Headbutt          |     5 |     3 |    14 |    47 |    20 ||    89
       Morningstar       |     5 |    10 |    51 |       |       ||    66
       Great mace        |       |       |    11 |   200 |    77 ||   288
Invok: Berserk           |     2 |       |     2 |     8 |     2 ||    14
       Brothers in Arms  |       |       |     1 |     2 |       ||     3
       Trog's Hand       |       |       |       |     1 |     1 ||     2
Evoke: Lamp of fire      |       |       |       |       |     1 ||     1
  Use: Scroll            |       |       |       |     1 |       ||     1
       Potion            |       |       |       |     1 |     1 ||     2
  Eat: Chunk             |       |       |     5 |     4 |     2 ||    11
       Bread ration      |       |       |       |     3 |       ||     3
       Meat ration       |       |       |       |     1 |       ||     1
Armor: Animal skin       |     2 |       |       |       |       ||     2
       Chain mail        |       |     1 |    18 |    32 |       ||    51
       Plate armour      |       |       |       |    28 |    21 ||    49
Dodge: Dodged            |    10 |     4 |    21 |   111 |    31 ||   177
